 Dungeon Crawl Stone Soup version 0.29-a0-473-gacb4ef3bc5 (webtiles) character file.

Game seed: 15652388236689187596

58 CrazyBamboolord the Scratcher (level 3, 0/15 HPs)
             Began as a Felid Transmuter on May 23, 2022.
             Slain by a bullfrog (8 damage)
             ... on level 3 of the Dungeon.
             The game lasted 00:03:49 (3431 turns).

CrazyBamboolord the Scratcher (Felid Transmuter)    Turns: 3431, Time: 00:03:49

Health: 0/15       AC:  1    Str:  6    XL:     3   Next: 76%
Magic:  3/7        EV: 18    Int: 14    God:
Gold:   101        SH:  0    Dex: 18    Spells: 0/6 levels left
                                        Lives:  0   Deaths: 0

rFire   . . .      SeeInvis +     - Unarmed
rCold   . . .      Faith    .   (shield unavailable)
rNeg    . . .      Spirit   .   (body armour unavailable)
rPois   .          Reflect  .   (helmet unavailable)
rElec   .          Harm     .   (cloak unavailable)
rCorr   .          Rampage  .   (gloves unavailable)
Will    +....                   (boots unavailable)
Stlth   ++........              (no amulet)
HPRegen 0.05/turn               h - ring of willpower
MPRegen 0.10/turn               (no ring)

@: appendages, very slightly contaminated, quick
A: horns 2, very small, claws 1, fangs 3, see invisible, speed 1, shaggy fur 1,
stealthy paws, no weapons or thrown items, no armour, multi-lived
a: End Transformation


You were on level 3 of the Dungeon.
You had temporarily grown beastly horns.
You visited 1 branch of the dungeon, and saw 3 of its levels.

You collected 101 gold pieces.

Inventory:

Jewellery
 c - a ring of fire
 h - a ring of willpower (left paw)
Wands
 n - a wand of flame (25)
 o - a wand of polymorph (8)
Scrolls
 b - 3 scrolls of teleportation {unknown}
 d - a scroll of amnesia {unknown}
 f - 2 scrolls of brand weapon {unknown}
 g - a scroll of identify {unknown}
 j - 2 scrolls of blinking
 k - a scroll of poison {unknown}
 l - a scroll of summoning {unknown}
 m - a scroll of magic mapping {unknown}
 p - a scroll of enchant weapon {unknown}
Potions
 a - 2 potions of lignification
 e - 4 potions of curing {unknown}
 i - a potion of haste {unknown}
 q - a potion of brilliance {unknown}


   Skills:
 * Level 1.3 Fighting
 * Level 3.1 Dodging
 + Level 0.8 Stealth
 * Level 3.5 Unarmed Combat
 * Level 2.3 Spellcasting
 * Level 2.7 Transmutations
 * Level 0.8 Poison Magic


You couldn't memorise any spells.
You knew the following spells:

 Your Spells              Type           Power      Damage    Failure   Level
a - Beastly Appendage     Tmut           18%        N/A       8%          1
b - Wereblood             Tmut           9%         N/A       11%         2
c - Spider Form           Tmut/Pois      6%         N/A       32%         3

Your spell library contained the following spells:

 Spells                   Type           Power      Damage    Failure   Level
 Freeze                   Ice            4%         1d3       22%         1
 Frozen Ramparts          Ice            2%         1d2       56%         3
 Ice Form                 Ice/Tmut       5%         N/A       78%         4
 Hailstorm                Conj/Ice       1%         3d3       92%         4


Dungeon Overview and Level Annotations

Branches:
Dungeon (3/15)

Altars:
Zin

Shops:
D:3 [(


Innate Abilities, Weirdness & Mutations

You have temporarily grown beastly horns.
You have sharp claws.
You have razor-sharp teeth.
You have supernaturally acute eyesight. (SInv)
You cover ground quickly. (Speed+)
You are covered in fur. (AC +1)
Your paws help you pounce on unaware monsters.
You are incapable of wielding weapons or throwing items.
You cannot wear armour.
You gain extra lives every three experience levels.


Message History

No target in view!
You feel sick.
You feel sick.
You feel sick.
You feel sick.
You feel sick.
You are no longer poisoned.
Your transformation is almost over.
Your horns disappear.
Found a stone staircase leading down.
There is a stone staircase leading down here.
e - 4 murky black potions (gained 1)
A bullfrog comes into view.
The bullfrog croaks.
Casting: Beastly Appendage (safe; 8% risk of failure)
Press: ? - help, Q - select action, (/) - cycle Dir - look around, f - activate You grow a pair of large bovine horns.
Casting: Beastly Appendage (safe; 8% risk of failure)
Confirm with . or Enter, or press ? or * to list all spells.
The spell is potentially lethal to miscast (32% risk of failure)!
Continue anyway?
You miscast Spider Form.
You are very lightly contaminated with residual magic.
Nothing appears to happen.
You scratch the bullfrog. Your bite misses the bullfrog.
The bullfrog is lightly wounded.
The bullfrog misses you. The bullfrog closely misses you.
You scratch the bullfrog.
The bullfrog is moderately wounded.
The bullfrog closely misses you.
You closely miss the bullfrog.
The bullfrog is moderately wounded.
The bullfrog completely misses you. The bullfrog hits you!
You barely miss the bullfrog. You headbutt the bullfrog. You bite the bullfrog.
The bullfrog is severely wounded.
The bullfrog closely misses you.
You scratch the bullfrog.
The bullfrog is almost dead.
The bullfrog misses you. The bullfrog hits you!
Ouch! That really hurt!
You die...

#.# #.# #.#
#######.##
#........#
#########>######.#
#.........# #.#
#.######### #.#
#># #@# #.# #F#
#.####### #.#
#.......# #..
#[#####.## ##.
#..# #...# .#
#..###.#.### .#
#..#...#...# .#
#....#####.#


You could see a bullfrog.

Vanquished Creatures
  An adder (D:3)
  A worm (D:2)
  2 endoplasms
  6 giant cockroaches
  2 goblins (D:1)
  6 hobgoblins
  4 quokkas
  6 ball pythons
  6 bats
  2 frilled lizards
  4 kobolds
  5 rats
45 creatures vanquished.

Notes
Turn   | Place    | Note
-------+----------+-------------------------------------------
     0 | D:1      | CrazyBamboolord the Felid Transmuter began the quest for
                  | the Orb.
     0 | D:1      | Reached XP level 1. HP: 9/9 MP: 4/4
   321 | D:1      | Reached XP level 2. HP: 12/12 MP: 4/6
  1344 | D:1      | Learned a level 2 spell: Wereblood
  1646 | D:2      | Found a glowing silver altar of Zin.
  1689 | D:2      | Reached XP level 3. HP: 14/15 MP: 5/7
  1693 | D:2      | Learned a level 3 spell: Spider Form
  3041 | D:3      | Found Mest's Antique Armour Emporium.
  3097 | D:3      | Found Radwyhoo's Antique Weapon Boutique.
  3232 | D:3      | Identified the -7 buckler of Qepocvy {Dex+3}
  3423 | D:3      | Noticed a bullfrog
  3431 | D:3      | Slain by a bullfrog

Illustrated notes

Levels and vault maps discovered:
D:1:      heliophobic_arrival_henge, layout_basic, hangedman_decor_opposing
D:2:      minmay_angry_zag, layout_basic, basic_altar, st_stairs_10, nrook_uturn
D:3:      layout_loops_ring, mainiacjoe_overflow_paths,
          nicolae_overflow_hidden_temple, serial_shops, nicolae_shop_trees,
          nicolae_shop_stone, nicolae_shop_hallway_plus, shop_statue, shop

Skill      XL: |  1  2 |
---------------+-------+-----
Dodging        | 3 |  3.1
Fighting       | |  1.3
Stealth        | |  0.8
Unarmed Combat | |  3.5
Spellcasting   | |  2.3
Transmutations | |  2.7
Poison Magic   | |  0.8

Action                   || total
-------------------------++-------
Melee: Unarmed           ||    97
       Bite              ||    11
       Headbutt          ||    16
       Punch             ||     3
 Cast: Beastly Appendage ||    33
  Use: Scroll            ||     1
 Stab: Sleeping          ||     1
Armor: Skin              ||     5
Dodge: Dodged            ||    81

Table legend: (Time is in decaauts)
 A = Elapsed time spent in this place.
 B = Non-inter-level travel time spent in this place.
 C = Inter-level travel time spent in this place.
 D = Time resting spent in this place.
 E = Time spent auto-exploring this place.
 F = Levels seen in this place.
 G = Mean time per level.
                   A        B        C        D        E       F      G
               +--------+--------+--------+--------+--------+-----+--------+
         Total |   3052 |   2962 |     90 |    333 |   2274 |   3 | 1017.3 |
       Dungeon |   3052 |   2962 |     90 |    333 |   2274 |   3 | 1017.3 |
               +--------+--------+--------+--------+--------+-----+--------+

Top non-repeatable levels by time:
     D:2: 1566 daAuts
     D:1: 1116 daAuts
     D:3: 369 daAuts
